 Dungeon Crawl Stone Soup version 0.20-a0-1006-ge6c5631 (webtiles) character file.

18 Conn321 the Chiller (level 2, 0/19 HPs)
             Began as a Vampire Ice Elementalist on Apr 13, 2017.
             Slain by a giant cockroach (1 damage)
             ... on level 1 of the Dungeon.
             The game lasted 00:03:00 (576 turns).

Conn321 the Chiller (Vampire Ice Elementalist)       Turns: 576, Time: 00:03:01

Health: 0/19       AC:  2    Str:  7    XL:     2   Next: 51%
Magic:  0/5        EV: 13    Int: 15    God:
Gold:   0          SH:  0    Dex: 14    Spells: 5/6 levels left

rFire    . . .     SeeInvis +   (no weapon)
rCold    . . .     Gourm    .   (no shield)
rNeg     + . .     Faith    .   a - +0 robe
rPois    .         Spirit   .   (no helmet)
rElec    .         Reflect  .   (no cloak)
rCorr    .         Harm     .   (no gloves)
MR       .....                  (no boots)
Stlth    ++........             (no amulet)
Regen    0.1/turn               (no ring)
MPRegen  0.1/turn               (no ring)

@: no status effects
A: fangs 3, talons 1, see invisible, dopey 1, unbreathing
a: no special abilities


You were on level 1 of the Dungeon.
You were not thirsty.

You visited 1 branch of the dungeon, and saw 1 of its levels.

Inventory:

Armour
 a - a +0 robe (worn)
Scrolls
 f - 3 scrolls of amnesia {unknown}
Potions
 c - 4 potions of blood
 d - a potion of berserk rage {unknown}
Books
 b - a book of Frost

   Spells                             Type                      Level
   a - Freeze                         Ice                          1
   b - Throw Frost                    Conjuration/Ice              2
   c - Ozocubu's Armour               Charms/Ice                   3
   d - Throw Icicle                   Conjuration/Ice              4
   e - Summon Ice Beast               Ice/Summoning                4


   Skills:
 + Level 2.3 Dodging
 + Level 3.1 Stealth
 + Level 0.2 Unarmed Combat
 * Level 2.5 Spellcasting
   Level 0.6 Conjurations
 + Level 3.3 Ice Magic


You had 5 spell levels left.
You knew the following spells:

 Your Spells              Type           Power        Failure   Level  Hunger
a - Freeze                Ice            ##..         8%          1    #......


Dungeon Overview and Level Annotations

Branches:
Dungeon (1/15)

Altars:


Innate Abilities, Weirdness & Mutations

You have razor-sharp teeth.
You have supernaturally acute eyesight. (SInv)
You can survive without breathing.
You have sharp toenails.
You are dopey. (Int -2)


Message History

The hobgoblin hits you.
* * * LOW HITPOINT WARNING * * *
You feel better. The giant cockroach bites you. The hobgoblin hits you.
You hit the giant cockroach but do no damage.
You claw the giant cockroach, but do no damage.
The giant cockroach is moderately wounded.
The giant cockroach completely misses you.
The hobgoblin hits you.
* * * LOW HITPOINT WARNING * * *
Casting: Freeze
Confirm with . or Enter, or press ? or * to list all spells.
Aiming: Freeze
Press: ? - help, Shift-Dir - straight line, f - hobgoblin
Aim: a hobgoblin You freeze the hobgoblin.
The hobgoblin is lightly wounded.
The giant cockroach closely misses you. The hobgoblin hits you.
* * * LOW HITPOINT WARNING * * *
The giant cockroach bites you.
You die...

#.......#######################
#######.#..##...##.###. #)
#.#....###.##.#.#### ##.
#.#<.######.#.#....####..
#g#....##.#..##.##..##.#.
#.#..##(#.#.###.####.#.#.
#.######..##.###.##.##.##
#!.†.$.######...####..##
######.g@s..##### ####
######..... ##.


You could see a giant cockroach and a hobgoblin.

Vanquished Creatures
  7 bats (D:1)
  A giant cockroach (D:1)
  A goblin (D:1)
  2 hobgoblins (D:1)
  3 jackals (D:1)
  2 kobolds (D:1)
16 creatures vanquished.

Notes
Turn   | Place    | Note
-------+----------+-------------------------------------------
     0 | D:1      | Conn321 the Vampire Ice Elementalist began the quest for the Orb.
     0 | D:1      | Reached XP level 1. HP: 13/13 MP: 3/3
   268 | D:1      | Gained mutation: You are dopey. (Int -2) [potion of mutation]
   268 | D:1      | Gained mutation: You are partially covered in large bone plates. (SH +4) [potion of mutation]
   268 | D:1      | Lost mutation: You are partially covered in large bone plates. (SH +4) [potion of mutation]
   268 | D:1      | Gained mutation: You have sharp toenails. [potion of mutation]
   270 | D:1      | Reached XP level 2. HP: 11/19 MP: 0/5
   576 | D:1      | Slain by a giant cockroach

Vault maps used:
D:1:      dpeg_arrival_signposts, minmay_surrounded

Action                   || total
-------------------------++-------
Melee: Unarmed           ||    37
       Kick              ||     5
       Bite              ||     1
 Cast: Freeze            ||    22
  Use: Potion            ||     3
 Stab: Sleeping          ||     1
  Eat: Corpse            ||     2
Armor: Robe              ||    23
Dodge: Dodged            ||    54
